Map: Protocole central

Players

poypoy - Winner!

  • Race: Zerg Zerg
  • Spawn Location: 11:00

zidar

  • Race: Zerg Zerg
  • Spawn Location: 1:00

VOD

Have the link to the VOD?

Description

Time

  • Played on: Nov. 11, 2015, 4:28 a.m.
  • Length: 2:53
Show
View Real Time Build Order
Export as new Build Order

poypoy Zerg - Winner!

Build Orders: Hatch First 

Get SALT Encoding   

  12  0:03  Drone  
  13  0:10  Drone  
  14  0:16  Overlord  
  14  0:28  Extractor x2  
  14  0:29  Drone x2  
  16  0:36  Drone  
  17  0:59  Hatchery, Drone  
  17  1:15  Spawning Pool  
  17  1:16  Drone  
  17  1:20  Drone  
  17  1:22  Drone  
  19  1:30  Drone  
  20  1:35  Extractor  
  19  1:43  Overlord  
  19  1:51  Drone  
  20  2:01  Queen  
  20  2:06  Zergling x2  
  23  2:10  Queen  
  23  2:12  Zergling x2  
  23  2:14  Zergling x2  
Show
View Real Time Build Order
Export as new Build Order

zidar Zerg 

Build Orders: Pool Only 

Get SALT Encoding   

  12  0:21  Spawning Pool  
  11  0:22  Drone  
  11  0:27  Drone  
  13  0:33  Extractor  
  12  0:39  Overlord  
  12  1:07  Queen  
  12  1:10  Zergling x4  
  16  1:11  Zergling x2  
  17  1:24  Overlord  
  17  2:07  Zergling x6  
Tags
 
Add a new tag
Caveats
  • Supply blocks, unpowered buildings, or Contaminate may cause inaccurate times.
  • Supply counts are checked every 10 seconds.